 Dungeon Crawl Stone Soup version 0.31-a0-1616-gbeaec30 (webtiles) character file.

Game seed: 12452402666254520365

131240 Gimbap the Brawler (level 16, -7/147 HPs)
             Began as a Red Draconian Shapeshifter on Jan 9, 2024.
             Was the Champion of Kikubaaqudgha.
             Killed from afar by a merfolk aquamancer (31 damage)
             ... with a shard of ice
             ... on level 3 of the Shoals on Jan 10, 2024.
             The game lasted 01:22:06 (32038 turns).

Gimbap the Brawler (Red Draconian Shapeshifter)    Turns: 32038, Time: 01:22:06

Health: -7/147     AC: 15    Str: 18    XL:     16   Next: 54%
Magic:  22/22      EV: 18    Int: 13    God:    Kikubaaqudgha [******]
Gold:   312        SH:  5    Dex: 15    Spells: 2/23 levels left

rFire   + +          .
                       - Unarmed
rCold   + . .        (shield currently unavailable)
rNeg    . . .        (body armour unavailable)
rPois   .            z - +1 hat
rElec   .            x - scarf {rC+ rF+}
rCorr   .            f - melded +0 pair of gloves
SInv    .            O - +0 pair of boots
Will    +....        H - amulet of reflection
Stlth   ++++         i - +4 ring of protection
HPRegen 0.44/turn    b - ring of flight
MPRegen 0.18/turn

%: reflection
@: blade hands, flying, mesmerised, studying 2 skills
A: breathe fire, AC +9, unfitting armour, fire resistance 1, cold-blooded
a: Breathe Fire, Begin Untransformation, Renounce Religion, Unearth Wretches,
Torment


You were on level 3 of the Shoals.
You worshipped Kikubaaqudgha.
Kikubaaqudgha was exalted by your worship.
You had blades for hands.
You visited 4 branches of the dungeon, and saw 25 of its levels.
You also visited: Sewer and Ice Cave.

You collected 2826 gold pieces.
You spent 2514 gold pieces at shops.

Inventory:

Missiles
 a - 4 curare-tipped darts
 J - 42 poisoned darts (quivered)
 K - 47 boomerangs
 T - 4 throwing nets
Armour
 f - a +0 pair of gloves (melded)
 m - the scarf of Midsummer {shadows, +Inv rElec rF++ rC-}
   (You acquired it on level 13 of the Dungeon)

   rF++:      It greatly protects you from fire.
   rC-:       It makes you vulnerable to cold.
   rElec:     It insulates you from electricity.
   +Inv:      It lets you turn invisible.
 x - a scarf of resistance (worn)
 z - a +1 hat (worn)
 O - a +0 pair of boots (worn)
Jewellery
 b - a ring of flight (right blade hand)
 g - a ring of see invisible
 i - a +4 ring of protection (left blade hand)
 n - a ring of positive energy
 y - a ring of ice
 H - an amulet of reflection (around neck)
 S - a +6 ring of strength
 W - a ring of positive energy
Talismans
 c - a flux talisman
 C - a blade talisman (active)
Wands
 w - a wand of flame (55)
 F - a wand of polymorph (16)
 G - a wand of acid (4)
 L - a wand of iceblast (6)
 Q - a wand of charming (32)
 R - a wand of mindburst (9)
 Z - a wand of digging (2)
Scrolls
 d - 3 scrolls of revelation
 h - 2 scrolls of noise
 j - 12 scrolls of fog
 k - 5 scrolls of amnesia
 o - 6 scrolls of immolation
 q - 7 scrolls of fear
 v - 5 scrolls of enchant armour
 A - a scroll of torment
 B - a scroll of vulnerability
 U - 4 scrolls of blinking
 V - a scroll of summoning
 Y - 4 scrolls of teleportation
Potions
 e - 10 potions of curing
 l - 2 potions of invisibility
 p - 2 potions of cancellation
 s - 3 potions of enlightenment
 t - 2 potions of haste
 u - 4 potions of mutation
 D - 3 potions of lignification
 E - a potion of resistance
 I - a potion of might
 M - a potion of ambrosia
 N - a potion of heal wounds
 P - 2 potions of brilliance
 X - 2 potions of attraction
Miscellaneous
 r - a lightning rod (2/4)


   Skills:
 + Level 14.9 Fighting
 + Level 11.9 Dodging
 + Level 8.4 Stealth
 * Level 17.9 Unarmed Combat
 + Level 4.2 Spellcasting
 + Level 7.8 Necromancy
 + Level 13.0 Shapeshifting


You had 2 spell levels left.
You knew the following spells:

 Your Spells              Type           Power      Damage    Failure   Level
a - Apportation           Tloc           4%         N/A       21%         1
b - Borgnjor's Vile Clut  Necr/Erth      6%         N/A       75%         5
c - Passwall              Erth           2%         N/A       52%         3
d - Animate Dead          Necr           23%        N/A       9%          4
e - Dispel Undead         Necr           23%        3d12      9%          4
f - Olgreb's Toxic Radia  Alch           2%         N/A       90%         4

Your spell library contained the following spells:

 Spells                   Type           Power      Damage    Failure   Level
 Necrotise                Necr           92%        1d8       1%          1
 Kiss of Death            Conj/Necr      48%        2d9       4%          1
 Cigotuvi's Dreadful Rot  Necr/Alch/Air  18%        N/A       11%         2
 Sting                    Conj/Alch      8%         1d3       21%         1
 Summon Small Mammal      Summ           8%         N/A       21%         1
 Ensorcelled Hibernation  Hex/Ice        4%         N/A       30%         2
 Vampiric Draining        Necr           23%        2d7       2%          3
 Curse of Agony           Necr           23%        N/A       22%         5
 Martyr's Knell           Necr/Summ      12%        N/A       38%         4
 Call Canine Familiar     Summ           2%         N/A       52%         3
 Confusing Touch          Hex            2%         N/A       52%         3
 Gell's Gravitas          Tloc           2%         N/A       52%         3
 Swiftness                Air            2%         N/A       52%         3
 Teleport Other           Tloc           2%         N/A       52%         3
 Death Channel            Necr           11%        N/A       77%         6
 Brom's Barrelling Bould  Conj/Erth      2%         2d3       90%         4
 Ignite Poison            Fire/Alch      2%         N/A       90%         4
 Summon Blazeheart Golem  Fire/Summ      2%         N/A       90%         4
 Vhi's Electric Charge    Tloc/Air       4%         N/A       90%         4
 Arcjolt                  Conj/Air       1%         1d11      99%         5
 Fireball                 Conj/Fire      1%         3d3       99%         5
 Freezing Cloud           Conj/Ice/Air   1%         6-21      99%         5
 Iskenderun's Battlesphe  Conj           2%         2d6       99%         5
 Conjure Ball Lightning   Conj/Air       1%         3x3d6     100%        6
 Dispersal                Tloc           1%         N/A       100%        6
 Plasma Beam              Fire/Air       1%         2x1d11    100%        6
 Sculpt Simulacrum        Ice/Alch       1%         N/A       100%        6
 Haunt                    Necr/Summ      6%         N/A       100%        7
 Orb of Destruction       Conj           1%         9d5       100%        7
 Ozocubu's Refrigeration  Ice            1%         4d7       100%        7
 Borgnjor's Revivificati  Necr           11%        N/A       100%        8
 Discord                  Hex            1%         N/A       100%        8
 Infestation              Necr           11%        N/A       100%        8
 Death's Door             Necr           11%        N/A       100%        9
 Polar Vortex             Ice            1%         N/A       100%        9


Dungeon Overview and Level Annotations

Branches:
Dungeon (15/15)            Temple (0/1) D:7            Lair (5/5) D:10
 Shoals (3/4) Lair:3       Spider (0/4) Lair:2        Slime (0/5) Lair:5
    Orc (2/2) D:12            Elf (0/3) Orc:2        Vaults (0/5) D:14
 Depths (0/4) D:15          Sewer (visited)           IceCv (visited)

Altars:
Ashenzari
Dithmenos
Elyvilon
Fedhas
Gozag
Hepliaklqana
Kikubaaqudgha
Makhleb
Okawaru
Qazlal
Sif Muna
Uskayaw
Vehumet
Wu Jian
Xom
Yredelemnul
Zin
Jiyva

Shops:
D:9 (*   D:14 *   Orc:2 :*[(   Shoals:1 **


Innate Abilities, Weirdness & Mutations

You have blades for hands.
You are incapable of wielding weapons or throwing items.
You can breathe blasts of fire.
Your fiery red scales are hard. (AC +9)
You cannot fit into any form of body armour.
Your flesh is heat resistant. (rF+)
You are cold-blooded and may be slowed by cold attacks.


Message History

You hit the merfolk.
The merfolk is lightly wounded.
The merfolk hits you with a +0 trident!
The merfolk aquamancer is engulfed in a cloud of scalding steam.
The merfolk aquamancer hits you with a +2 rapier of protection.
The merfolk completely misses you.
Unknown command.
You slash the merfolk!
The merfolk is moderately wounded.
A water nymph comes into view.
The merfolk avatar chants its luring song.
The merfolk closely misses you.
The merfolk aquamancer hits you but does no damage.
You closely miss the merfolk.
Your tail-slap misses the merfolk.
The merfolk is moderately wounded.
The pull of its song draws you forwards.
The merfolk closely misses you.
The merfolk avatar chants its luring song.
The merfolk barely misses you.
The merfolk avatar chants its luring song.
The water nymph flows with the water.
The merfolk aquamancer barely misses you.
The merfolk closely misses you. x2
The merfolk avatar chants its luring song.
The alligator snapping turtle misses you.
You slice the merfolk avatar!!
Your tail-slap misses the merfolk avatar.
The merfolk avatar is moderately wounded.
The merfolk hits you from afar with a +0 trident!
The merfolk misses you.
You slash the merfolk avatar!
The merfolk avatar is heavily wounded.
The water nymph points at you and mumbles some strange words.
The water rises up and strikes you!!
* * * LOW HITPOINT WARNING * * *
The merfolk avatar chants its luring song.
The merfolk aquamancer gestures at you while chanting.
The shard of ice hits you!! You partially resist.
You die...
Kikubaaqudgha rasps: "You have failed me!
Welcome... death!"

~. ...~~~~~~~~
..###..~~~~~~~~
~.....~~~~~~~~~~
~...~~~~~~~~~~~~
≈≈~~.~~~~~~~~~~~~
~~~~~~~~~~~~~~.~~
~~~~~~~~~m~~~~~~~
~~~~~~~m~@>~.~~~~
~~~~~~~t~m.~~~~##
.~~≈~~~m≈m..~~~.#
..~≈~~~~~~~....~~
..~≈≈~≈≈~.)./^...
...≈≈~≈≈≈~.#...##
#...~~~~~~.##....
....~~~~~..# ..~~
##...~~~~.>#
.~~.~~~


You could see an alligator snapping turtle, a merfolk avatar (mesmerising), a
merfolk aquamancer, 2 merfolk and a water nymph.

Vanquished Creatures
  Jorgrun (Shoals:1)
  Mlioglotl (Shoals:1)
  Frances (Shoals:2)
  A fire giant (D:15)
  A frost giant (D:15)
  An orc warlord (Orc:2)
  Azrael (D:15)
  The ghost of Kave the Grappler, a journeyman TrSh of Sif Muna (D:13)
  An ettin (D:14)
  3 merfolk impalers (Shoals:2)
  A fire dragon (Lair:5)
  Josephine (D:15)
  2 hydras
  Harold (Lair:2)
  A death knight (D:15)
  A catoblepas (D:13)
  An ice dragon (D:14)
  A merfolk avatar (Shoals:2)
  An ogre mage (D:15)
  Fannar (D:11)
  6 centaur warriors
  3 boulder beetles
  14 two-headed ogres
  A merfolk aquamancer (Shoals:2)
  5 tengu warriors
  5 death yaks (Lair:2)
  An orc high priest (Orc:2)
  Nergalle (D:12)
  6 skysharks
  Lodul (D:11)
  3 skeletal warriors (D:14)
  A swamp dragon (Lair:5)
  A sea snake (Shoals:2)
  A deep troll (D:14)
  2 lindwurms (Lair:5)
  A deep elf pyromancer (D:15)
  A harpy (shapeshifter) (D:15)
  6 orc knights
  A wolf spider (Lair:2)
  3 harpies (Shoals:1)
  An oklob plant (Lair:1)
  3 orc sorcerers
  12 manticores
  18 ugly things
  6 cyclopes
  2 fauns (Shoals:1)
  3 merfolk sirens
  9 elephants
  6 black mambas
  3 meliai (D:14)
  Joseph (D:10)
  4 kobold blastminers (Orc:1)
  A black mamba (shapeshifter) (D:15)
  2 ice statues (IceCv)
  2 torpor snails (Lair:4)
  4 water nymphs
  16 cane toads
  13 komodo dragons
  An efreet (D:15)
  2 unseen horrors
  4 rime drakes
  An anaconda simulacrum (IceCv)
  Psyche (D:11)
  3 burning bushes (Lair:3)
  11 merfolk
  A troll (shapeshifter) (D:14)
  5 polar bears (Lair:2)
  A hornet (Lair:4)
  A wind drake (Shoals:1)
  A wolf spider simulacrum (D:14)
  5 trolls
  30 blink frogs
  7 dream sheep
  4 snapping turtles
  Sigmund (D:2)
  11 slime creatures
  A vampire (D:10)
  5 shadows
  6 wyverns
  8 water elementals
  6 wraiths
  31 yaks
  7 basilisks
  4 wargs
  Grum (D:9)
  A human (D:6)
  4 steam dragons
  A redback (Lair:2)
  4 vampire mosquitoes (D:13)
  A death yak simulacrum (IceCv)
  A fire elemental (D:15)
  2 acid dragons (Lair:5)
  3 hell hounds (D:15)
  22 water moccasins
  A hydra simulacrum (IceCv)
  2 swamp drakes (Lair:5)
  A sky beast (D:6)
  4 ice beasts
  10 black bears
  34 orc warriors
  2 laughing skulls (D:14)
  22 wolves
  15 ogres
  6 centaurs
  A phantom (D:7)
  6 kobold brigands
  10 bullfrogs
  Blork the orc (D:4)
  2 brain worms (Sewer)
  A gnoll sergeant (D:5)
  5 necrophages (Lair:4)
  A scorpion (D:6)
  9 wights
  5 killer bees (D:9)
  4 electric eels
  3 howler monkeys
  3 bombardier beetles
  16 orc priests
  3 hounds
  5 jellies
  5 gnoll boudas
  10 iguanas
  4 sleepcaps
  22 orc wizards
  A polar bear simulacrum (IceCv)
  2 wolf simulacra (IceCv)
  A boggart simulacrum (D:12)
  19 gnolls
  13 adders
  A river rat (Sewer)
  4 white imps
  3 dart slugs
  79 orcs
  9 bats
  9 endoplasms
  2 giant cockroaches (D:1)
  9 goblins
  7 hobgoblins
  11 jackals
  7 quokkas
  12 ball pythons
  4 frilled lizards (Sewer)
  29 kobolds
  3 rats
  A spectral kobold (D:4)
  A butterfly (D:5)
830 creatures vanquished.

Vanquished Creatures (others)
  A slime creature (D:15)
  An orc wizard (Orc:1)
  An orc (Orc:1)
3 creatures vanquished.

Grand Total: 833 creatures vanquished

Notes
Turn   | Place    | Note
-------+----------+-------------------------------------------
     0 | D:1      | Gimbap the Draconian Shapeshifter began the quest for the
                  | Orb.
     0 | D:1      | Reached XP level 1. HP: 16/16 MP: 1/1
    63 | D:1      | Found a faded altar of an unknown god.
    76 | D:1      | Prayed at the altar of an unknown god.
    76 | D:1      | Became a worshipper of Kikubaaqudgha
    76 | D:1      | Reached * piety under Kikubaaqudgha
    76 | D:1      | Received a gift from Kikubaaqudgha
   147 | D:1      | Reached XP level 2. HP: 23/23 MP: 2/2
   295 | D:1      | Reached XP level 3. HP: 28/29 MP: 3/3
   547 | D:2      | Upgraded the game from 0.31-a0-1612-g4aaf141 to
                  | 0.31-a0-1616-gbeaec30
   603 | D:2      | Noticed Sigmund
   613 | D:2      | Killed Sigmund
   614 | D:2      | Reached skill level 4 in Unarmed Combat
   614 | D:2      | Reached XP level 4. HP: 37/37 MP: 4/4
   614 | D:2      | Reached XP level 5. HP: 42/42 MP: 5/5
   717 | D:2      | Identified the +8 trident "Zusirat" {heavy, Str+3}
   742 | D:2      | Reached ** piety under Kikubaaqudgha
  1273 | D:3      | Noticed an ice beast
  1527 | D:3      | Found a shadowy altar of Dithmenos.
  1547 | D:3      | Found a blossoming altar of Fedhas.
  1581 | D:3      | Reached XP level 6. HP: 34/51 MP: 6/6
  1898 | D:3      | Killed an ice beast
  1899 | D:3      | Reached skill level 5 in Unarmed Combat
  2171 | D:4      | Learned a level 3 spell: Passwall
  2373 | D:4      | Found a hazy altar of Hepliaklqana.
  2733 | D:4      | Noticed Blork the orc
  2741 | D:4      | Killed Blork the orc
  2805 | D:5      | Entered Level 5 of the Dungeon
  2813 | D:5      | Found a glowing drain.
  2824 | D:5      | Your scales start taking on a fiery red colour.
  2824 | D:5      | Reached XP level 7. HP: 40/57 MP: 7/7
  2824 | D:5      | Gained mutation: Your flesh is heat resistant. (rF+) [Red
                  | Draconian growth]
  2837 | Sewer    | Entered a sewer
  2999 | Sewer    | Reached *** piety under Kikubaaqudgha
  2999 | Sewer    | Received a gift from Kikubaaqudgha
  3121 | Sewer    | Reached skill level 6 in Unarmed Combat
  3926 | D:5      | Found a shimmering altar of Xom.
  3933 | D:5      | Reached XP level 8. HP: 43/67 MP: 8/8
  4088 | D:5      | Found a hide-covered altar of Uskayaw.
  4169 | D:5      | Reached skill level 7 in Unarmed Combat
  4224 | D:5      | Found a stormy altar of Qazlal.
  4263 | D:5      | Reached skill level 5 in Fighting
  4263 | D:5      | Reached skill level 5 in Shapeshifting
  4798 | D:6      | Reached **** piety under Kikubaaqudgha
  4898 | D:6      | Found a runed translucent door.
  4902 | D:6      | Found a basalt altar of Yredelemnul.
  4981 | D:6      | Reached skill level 5 in Dodging
  4981 | D:6      | Reached skill level 8 in Unarmed Combat
  5028 | D:6      | Reached XP level 9. HP: 34/75 MP: 9/9
  5932 | D:7      | Noticed an unseen horror
  5944 | D:7      | Killed an unseen horror
  5945 | D:7      | Reached skill level 9 in Unarmed Combat
  6022 | D:7      | Noticed a troll
  6050 | D:7      | Killed a troll
  6446 | D:7      | Reached XP level 10. HP: 66/86 MP: 10/10
  6641 | D:7      | Found a staircase to the Ecumenical Temple.
  6810 | D:7      | Reached ***** piety under Kikubaaqudgha
  7549 | D:8      | Reached skill level 10 in Unarmed Combat
  8080 | D:8      | Found an ornate altar of the Wu Jian Council.
  8327 | D:9      | Noticed Grum
  8338 | D:9      | Killed Grum
  8640 | D:9      | Found a burning altar of Makhleb.
  8641 | D:9      | Found Ediumos's Weapon Emporium.
  8773 | D:9      | Found Gorroqeu's Assorted Antiques.
  8781 | D:9      | Bought a scroll labelled WOCYUTSOYTU for 27 gold pieces
  8781 | D:9      | Bought a scroll labelled NOM GEFYAGITO for 27 gold pieces
  8781 | D:9      | Bought a blue potion for 24 gold pieces
  8781 | D:9      | Bought a long bone wand for 108 gold pieces
  8812 | D:9      | Found a shimmering blue altar of Sif Muna.
  9030 | D:9      | Reached skill level 11 in Unarmed Combat
  9274 | D:9      | Found a broken altar of Ashenzari.
  9609 | D:9      | Found an opulent altar of Gozag.
  9625 | D:10     | Entered Level 10 of the Dungeon
  9775 | D:10     | Noticed Joseph
  9795 | D:10     | Reached XP level 11. HP: 72/95 MP: 11/11
  9875 | D:10     | Noticed a two-headed ogre
  9883 | D:10     | Killed a two-headed ogre
  9921 | D:10     | Found a staircase to the Lair.
 10016 | D:10     | Found an iron altar of Okawaru.
 10115 | D:10     | Killed Joseph
 10325 | D:10     | Found a glowing silver altar of Zin.
 10620 | Lair:1   | Entered Level 1 of the Lair of Beasts
 10730 | D:10     | Reached skill level 12 in Unarmed Combat
 10998 | Lair:1   | Noticed a skyshark
 11012 | Lair:1   | Killed a skyshark
 11181 | Lair:1   | Found a broken altar of Ashenzari.
 11181 | Lair:1   | Noticed an oklob plant
 11188 | Lair:1   | Killed an oklob plant
 12460 | Lair:2   | Reached XP level 12. HP: 64/106 MP: 12/12
 12744 | Lair:2   | Reached ****** piety under Kikubaaqudgha
 12746 | Lair:2   | Reached skill level 13 in Unarmed Combat
 12819 | Lair:2   | Noticed a death yak
 12819 | Lair:2   | Noticed a death yak
 12819 | Lair:2   | Noticed a death yak
 12819 | Lair:2   | Noticed a death yak
 12825 | Lair:2   | Killed a death yak
 12826 | Lair:2   | Reached skill level 10 in Fighting
 12826 | Lair:2   | Noticed a death yak
 12830 | Lair:2   | Killed a death yak
 12833 | Lair:2   | Killed a death yak
 12839 | Lair:2   | Killed a death yak
 12844 | Lair:2   | Killed a death yak
 13010 | Lair:2   | Noticed Harold
 13023 | Lair:2   | Killed Harold
 13546 | Lair:2   | Found a hole to the Spider Nest.
 13555 | Lair:2   | Reached skill level 14 in Unarmed Combat
 13603 | Lair:2   | Learned a level 5 spell: Borgnjor's Vile Clutch
 13614 | Lair:2   | You fall into a shaft and drop 1 floor!
 13614 | Lair:3   | Noticed a four-headed hydra
 13720 | Lair:3   | Reached skill level 1 in Stealth
 13844 | Lair:3   | Killed a four-headed hydra
 13853 | Lair:3   | Received a gift from Kikubaaqudgha (forbidden knowledge)
 14157 | Lair:3   | Reached XP level 13. HP: 116/116 MP: 13/13
 14406 | Lair:3   | Found a staircase to the Shoals.
 14851 | Lair:4   | Reached skill level 1 in Necromancy
 14943 | Lair:4   | Reached skill level 10 in Shapeshifting
 15471 | Lair:4   | Learned a level 4 spell: Animate Dead
 15603 | Lair:4   | Reached skill level 15 in Unarmed Combat
 15820 | Lair:5   | Entered Level 5 of the Lair of Beasts
 16003 | Lair:5   | Reached skill level 10 in Dodging
 16604 | Lair:5   | Reached XP level 14. HP: 74/125 MP: 14/14
 17092 | Lair:5   | Found a viscous altar of Jiyva.
 17400 | Lair:5   | Reached skill level 5 in Stealth
 17517 | Lair:5   | Found a staircase to the Slime Pits.
 17889 | D:11     | Found a frozen archway.
 17898 | IceCv    | Entered an ice cave
 17995 | IceCv    | Found a transporter.
 18001 | IceCv    | Found the +8 storm bow {elec, penet}
 18009 | IceCv    | Found a transporter.
 18253 | D:11     | Noticed Lodul
 18258 | D:11     | Killed Lodul
 18529 | D:11     | Noticed Fannar
 18537 | D:11     | Killed Fannar
 18575 | D:11     | Noticed Psyche
 18583 | D:11     | Killed Psyche
 18641 | D:11     | You fall into a shaft and drop 3 floors!
 18930 | D:14     | Found Ongo's Elemental Accessories.
 19136 | D:13     | Noticed Kave's ghost (journeyman TrSh)
 19137 | D:13     | Identified the +7 great mace of the Sheltering Gods {flame,
                  | rPois rF+ rC+ rN+}
 19138 | D:13     | Found a transporter.
 19154 | D:13     | Found a transporter.
 19168 | D:13     | Reached skill level 16 in Unarmed Combat
 19178 | D:13     | Reached skill level 5 in Necromancy
 19189 | D:13     | Killed Kave's ghost
 19208 | D:13     | Acquired a manual of Shapeshifting
 19210 | D:13     | Acquired the scarf of Midsummer {shadows, +Inv rElec rF++
                  | rC-}
 19498 | D:12     | Found a radiant altar of Vehumet.
 20065 | D:11     | Found an ancient bone altar of Kikubaaqudgha.
 20646 | D:12     | Found a staircase to the Orcish Mines.
 20726 | D:12     | Noticed Nergalle
 20738 | D:12     | Killed Nergalle
 21064 | Orc:1    | Entered Level 1 of the Orcish Mines
 21454 | Orc:2    | Entered Level 2 of the Orcish Mines
 21460 | Orc:2    | Found a staircase to the Elven Halls.
 21602 | Orc:1    | Reached XP level 15. HP: 89/134 MP: 15/15
 23260 | Orc:2    | Found Lath's Book Boutique.
 23273 | Orc:2    | Found Ziomutzaji's Antique Armour Boutique.
 23275 | Orc:2    | Found Modidet's Antique Weapon Boutique.
 23327 | Orc:2    | Bought a book of Cantrips for 208 gold pieces
 23356 | Orc:2    | Found Vitefai's General Store.
 23362 | Orc:2    | Bought a potion of heal wounds for 90 gold pieces
 23362 | Orc:2    | Bought a scroll of fog for 72 gold pieces
 23695 | Orc:2    | Bought a manual of Fighting for 1040 gold pieces
 24366 | D:14     | Reached skill level 1 in Spellcasting
 25162 | D:14     | Found a gate to the Vaults.
 25539 | D:14     | Found a white marble altar of Elyvilon.
 25911 | D:15     | Entered Level 15 of the Dungeon
 25919 | D:15     | Reached skill level 17 in Unarmed Combat
 25968 | D:15     | Noticed a fire giant
 25968 | D:15     | Noticed Josephine
 25977 | D:15     | Killed Josephine
 26770 | D:15     | Noticed Azrael
 26786 | D:15     | Killed Azrael
 26968 | D:15     | Learned a level 1 spell: Apportation
 27139 | D:15     | Killed a fire giant
 27648 | D:15     | Found a shadowy altar of Dithmenos.
 27723 | D:15     | Reached XP level 16. HP: 122/146 MP: 20/20
 28142 | D:15     | Found a staircase to the Depths.
 28314 | Orc:2    | Bought a book of Touch for 286 gold pieces
 28314 | Orc:2    | Bought the Unrestrained Analects for 572 gold pieces
 28319 | Orc:2    | Learned a level 4 spell: Dispel Undead
 28324 | Orc:2    | Learned a level 4 spell: Olgreb's Toxic Radiance
 28547 | Shoals:1 | Entered Level 1 of the Shoals
 28888 | Shoals:1 | Noticed Mlioglotl
 28900 | Shoals:1 | Noticed a bone dragon
 29188 | Shoals:1 | Killed Mlioglotl
 29312 | Shoals:1 | Found Tatsoy's General Store.
 29315 | Shoals:1 | Found Ocuasej's Specific Store.
 29323 | Shoals:1 | Bought 2 throwing nets for 60 gold pieces
 29339 | Shoals:1 | Noticed Jorgrun
 29354 | Shoals:1 | Killed Jorgrun
 30181 | Shoals:2 | Noticed Frances
 30593 | Shoals:2 | Killed Frances
 32038 | Shoals:3 | Killed from afar by a merfolk aquamancer

Illustrated notes

Levels and vault maps discovered:
D:1:      scummos_arrival_hexagon, layout_rooms,
          ebering_ecumenical_altar_abandoned, minivault_23, minmay_octomino_e4
D:2:      layout_basic, uniq_sigmund
D:3:      layout_basic, nicolae_overflow_squiral
D:4:      layout_basic, nicolae_hepliaklqana_monster_ancestors,
          uniq_blork_the_orc
D:5:      minmay_spotlight, layout_loops_ring, mainiacjoe_overflow_24_doors,
          eat_drink_and_be_merry_uskayaw, xom_butterflies, portal_sewer_entry_f
D:6:      layout_basic, dk_yredelemnul_ordeal
D:7:      minmay_skewed_foursquare, layout_basic, minmay_temple_entry_hall,
          grunt_ministairs_5, minmay_misc_feat_tiny, minmay_chambers_of_fives
D:8:      layout_gridville, nzn_wu_jian_contemplation
D:9:      nicolae_cairo_tiling_very_big, layout_layer_cave, kennysheep_mini,
          mainiacjoe_overflow_alcove_1, lemuel_round_altar,
          mainiacjoe_overflow_surrounded_room, serial_shops,
          nicolae_shop_dealshenge, shop, uniq_grum
D:10:     layout_big_octagon, kennysheep_okawaru_gauntlet,
          mainiacjoe_overflow_alcove_2, david_lair_shrubbed,
          minmay_sticks_and_stones
D:11:     layout_loops_ring, portal_ice_cave_entry_pillars_1,
          nicolae_kikubaaqudgha_miasma_corner, uniq_lodul, uniq_psyche,
          uniq_fannar
D:12:     layout_loops_corners, david_orc_1_choice, nicolae_vehumet_radiance,
          uniq_nergalle
D:13:     layout_roguey, gammafunk_ghost_smash
D:14:     layout_gridville, david_vaults_4, nicolae_elemental_shop,
          hangedman_abyss_or_decor_stagger, nicolae_elyvilon_temple_path
D:15:     grunt_enter_depths_snipers, layout_loops_ring,
          grunt_dithmenos_shadows, serial_library_hellmonk_open_cross,
          grunt_potential, uniq_josephine, uniq_azrael
Lair:1:   layout_regular_city, lemuel_oklob_altar
Lair:2:   beast_lair_carwin_large_3, layout_loops_ring,
          spider_nest_entry_rubble, grunt_megastairs_4, uniq_harold
Lair:3:   layout_gridlike, minmay_shoals_entry_lonely_mermaid, evilmike_ambush
          [evilmike_ambush_outer_corners, evilmike_ambush_inner_cross]
Lair:4:   layout_roguey, roderic_carrion_pond, st_stairs_11,
          pdpol_lair_cavern_descent
Lair:5:   guppyfry_lair_end_dragon, layout_cave_pods,
          nicolae_slime_entry_field_trip, dreamdust_deal_with_the_devil
Shoals:1: layout_shoals, serial_shops, nicolae_shop_back_alley_shop,
          nicolae_specific_store, uniq_mlioglotl, uniq_jorgrun
Shoals:2: layout_shoals, uniq_frances
Shoals:3: layout_shoals
Orc:1:    layout_diamond_mine
Orc:2:    grunt_orc_cross, layout_diamond_mine

Skill      XL: |  1  2  3  4  5  6  7  8  9 10 11 12 13 14 15 16 |
---------------+-------------------------------------------------+-----
Dodging        | 2 3 4 5 6 7 8 9 10 11 | 11.9
Fighting       | 2 3 4 5 7 8 9 11 12 14 | 14.9
Unarmed Combat | 4 5 6 8 9 11 12 14 15 16 17 | 17.9
Shapeshifting  | 4 5 6 7 8 9 10 11 12 13 | 13.0
Stealth        | 1 4 6 7 8 |  8.4
Necromancy     | 3 5 7 |  7.8
Spellcasting   | 3 4 |  4.2

Action                     |  1- 3 |  4- 6 |  7- 9 | 10-12 | 13-15 | 16-18 || total
---------------------------+-------+-------+-------+-------+-------+-------++-------
  Melee: Unarmed           |    82 |   148 |   418 |   629 |  1120 |   225 ||  2622
         Tailslap          |     6 |    16 |    72 |    98 |   187 |    31 ||   410
         Punch             |       |     1 |       |    27 |    97 |    27 ||   152
 Invoke: Receive Forbidden |       |       |       |     1 |       |       ||     1
         Torment           |       |       |       |       |     4 |       ||     4
Ability: Breathe Fire      |       |       |    12 |     4 |    19 |    10 ||    45
  Evoke: Wand              |       |       |       |     8 |    17 |     5 ||    30
         Lightning rod     |       |       |       |       |     4 |     3 ||     7
    Use: Potion            |     1 |       |     1 |       |     5 |     4 ||    11
         Scroll            |       |     6 |       |    11 |    19 |     2 ||    38
   Stab: Sleeping          |     1 |       |       |     1 |    13 |     5 ||    20
         Distracted        |       |       |       |       |     5 |       ||     5
 Armour: Skin              |    32 |    60 |   163 |   311 |   571 |   176 ||  1313
  Dodge: Dodged            |    56 |   102 |   321 |   362 |   570 |   143 ||  1554
  Block: Other             |       |       |     3 |   120 |   188 |    38 ||   349
         Reflection        |       |       |       |     4 |     9 |     4 ||    17
   Form: Flux              |       |     1 |       |     1 |     1 |       ||     3
         Blade             |       |       |       |     1 |     2 |       ||     3

Table legend: (Time is in decaauts)
 A = Elapsed time spent in this place.
 B = Non-inter-level travel time spent in this place.
 C = Inter-level travel time spent in this place.
 D = Time resting spent in this place.
 E = Time spent auto-exploring this place.
 F = Levels seen in this place.
 G = Mean time per level.
                   A        B        C        D        E       F      G
               +--------+--------+--------+--------+--------+-----+--------+
         Total |  31678 |  30138 |   1540 |   4760 |  19492 |  27 | 1173.3 |
       Dungeon |  17349 |  16515 |    834 |   1709 |  11940 |  15 | 1156.6 |
          Lair |   6848 |   6545 |    303 |   1248 |   3836 |   5 | 1369.6 |
        Shoals |   3459 |   3417 |     42 |   1053 |   1626 |   3 | 1153.0 |
  Orcish Mines |   2741 |   2381 |    360 |    549 |   1338 |   2 | 1370.5 |
         Sewer |    969 |    969 |      0 |      5 |    739 |   1 |  969.0 |
      Ice Cave |    310 |    310 |      0 |    196 |     11 |   1 |  310.0 |
               +--------+--------+--------+--------+--------+-----+--------+

Top non-repeatable levels by time:
    D:15: 2210 daAuts
  Lair:5: 1885 daAuts
Shoals:1: 1844 daAuts
    D:14: 1732 daAuts
  Lair:2: 1663 daAuts
   Orc:2: 1540 daAuts
     D:9: 1397 daAuts
  Lair:1: 1340 daAuts
     D:7: 1301 daAuts
Shoals:2: 1300 daAuts
    D:12: 1225 daAuts
   Orc:1: 1201 daAuts
    D:10: 1198 daAuts
    D:13: 1189 daAuts
     D:6: 1182 daAuts
